 Dungeon Crawl Stone Soup version 0.29.1-2-gbd0b4ee654 (webtiles) character file.

Game seed: 15921225115064595096

85 sanboga the Trooper (level 4, 0/49 HPs)
             Began as an Ogre Berserker on Nov 22, 2022.
             Was a Believer of Trog.
             Slain by an orc
             ... wielding a +0 dagger
              (2 damage)
             ... on level 3 of the Dungeon.
             The game lasted 00:02:51 (2709 turns).

sanboga the Trooper (Ogre Berserker)                Turns: 2709, Time: 00:02:52

Health: 0/49       AC:  3    Str: 23    XL:     4   Next: 48%
Magic:  4/4        EV: 10    Int:  8    God:    Trog [**....]
Gold:   28         SH:  0    Dex:  8    Spells: 3/3 levels left

rFire   . . .      SeeInvis .   a - +0 mace
rCold   . . .      Faith    .   (no shield)
rNeg    . . .      Spirit   .   b - +0 animal skin
rPois   .          Reflect  .   (helmet restricted)
rElec   .          Harm     .   (no cloak)
rCorr   .          Rampage  .   (gloves unavailable)
Will    .....                   (boots unavailable)
Stlth   +.........              c - amulet of the acrobat
HPRegen 0.16/turn               (no ring)
MPRegen 0.09/turn               (no ring)

@: no status effects
A: large, unfitting armour, tough skin 1
a: Renounce Religion, Berserk, Trog's Hand


You were on level 3 of the Dungeon.
You worshipped Trog.
Trog was pleased with you.
You visited 1 branch of the dungeon, and saw 3 of its levels.

You collected 108 gold pieces.
You spent 80 gold pieces at shops.

Inventory:

Hand Weapons
 a - a +0 mace (weapon)
Armour
 b - a +0 animal skin (worn)
Jewellery
 c - an amulet of the acrobat (around neck)
Scrolls
 d - 2 scrolls of teleportation
 f - 5 scrolls of identify
 i - a scroll of silence {unknown}
Potions
 e - a potion of berserk rage
 g - a potion of attraction
 h - a potion of resistance


   Skills:
 + Level 4.6 Fighting
 * Level 3.6 Maces & Flails
 + Level 3.2 Dodging
 + Level 1.1 Stealth


You had 3 spell levels left.
You didn't know any spells.
Your spell library was empty.

Dungeon Overview and Level Annotations

Branches:
Dungeon (3/15)

Altars:
Xom

Shops:
D:3 !


Innate Abilities, Weirdness & Mutations

You are too large for most types of armour.
You have tough skin. (AC +1)


Message History

The orc priest closely misses you. The orc hits you but does no damage.
You hit the orc priest but do no damage.
The orc priest is moderately wounded.
The orc priest barely misses you. The orc hits you but does no damage.
You closely miss the orc priest.
The orc priest is moderately wounded.
The orc priest hits you with a +1 short sword of protection.
The orc hits you but does no damage.
You hit the orc priest but do no damage.
The orc priest is moderately wounded.
The orc priest looks braver for a moment.
The orc hits you with a +0 dagger.
* * * LOW HITPOINT WARNING * * *
You hit the orc.
The orc is moderately wounded.
The orc priest barely misses you.
It was a potion of cancellation.
You feel magically purged.
The orc priest hits you but does no damage.
The orc completely misses you.
You hit the orc priest.
The orc priest is severely wounded.
The orc barely misses you.
The orc priest hits you with a +1 short sword of protection.
* * * LOW HITPOINT WARNING * * *
You closely miss the orc priest.
The orc priest is severely wounded.
The orc priest hits you with a +1 short sword of protection.
* * * LOW HITPOINT WARNING * * *
The orc barely misses you.
You hit the orc priest but do no damage.
The orc priest is severely wounded.
The orc priest hits you with a +1 short sword of protection.
* * * LOW HITPOINT WARNING * * *
The orc hits you with a +0 dagger.
* * * LOW HITPOINT WARNING * * *
You hit the orc priest.
The orc priest is almost dead.
The orc priest begins to cast a cantrip, but forgets the words!
The orc hits you but does no damage. The orc hits you with a +0 dagger.
You die...

#.# #.## #..#
##.# #.# #.#
#.# #####.###
#.###oooo....
#....@#
#######


You could see an orc priest and 3 orcs.

Vanquished Creatures
  3 adders
  3 dart slugs
  10 bats
  4 endoplasms
  2 giant cockroaches
  2 goblins
  2 hobgoblins (D:1)
  6 quokkas
  5 ball pythons
  7 frilled lizards
  3 kobolds
  5 rats
52 creatures vanquished.

Vanquished Creatures (others)
  15 plants (D:1)
15 creatures vanquished.

Grand Total: 67 creatures vanquished

Notes
Turn   | Place    | Note
-------+----------+-------------------------------------------
     0 | D:1      | sanboga the Ogre Berserker began the quest for the Orb.
     0 | D:1      | Reached XP level 1. HP: 24/24 MP: 1/1
   132 | D:1      | Reached XP level 2. HP: 21/32 MP: 2/2
   464 | D:1      | You fall into a shaft and drop 1 floor!
  1156 | D:1      | Reached XP level 3. HP: 39/39 MP: 3/3
  1217 | D:2      | Found a shimmering altar of Xom.
  1316 | D:2      | Reached ** piety under Trog
  1580 | D:2      | HP: 1/40 [endoplasm (2)]
  1596 | D:2      | Reached skill level 1 in Stealth
  1901 | D:2      | Reached XP level 4. HP: 45/49 MP: 4/4
  2232 | D:2      | Found a faded altar of an unknown god.
  2530 | D:3      | Found Omala's Distillery.
  2557 | D:3      | Bought a potion of berserk rage for 50 gold pieces
  2557 | D:3      | Bought a potion of attraction for 30 gold pieces
  2708 | D:3      | HP: 2/49 [orc/+0 dagger (3)]
  2709 | D:3      | Slain by an orc

Illustrated notes

Levels and vault maps discovered:
D:1:      roderic_crop_circles_arrival_small, layout_basic, patterned_corridor
D:2:      minmay_recursive_quarters, layout_basic, basic_altar,
          dilly_ecumenical_altar_fadedgnrine
D:3:      layout_loops_ring, serial_shops, shop_statue

Skill      XL: |  1  2  3 |
---------------+----------+-----
Maces & Flails | 3 |  3.6
Dodging        | 3 |  3.2
Stealth        | 1 |  1.1
Fighting       | |  4.6

Action                   |  1- 3 |  4- 6 || total
-------------------------+-------+-------++-------
Melee: Mace              |   130 |    52 ||   182
       Punch             |     1 |       ||     1
  Use: Potion            |     3 |     1 ||     4
       Scroll            |       |     3 ||     3
 Stab: Distracted        |       |     1 ||     1
       Sleeping          |       |     1 ||     1
Armor: Animal skin       |    64 |    14 ||    78
Dodge: Dodged            |   107 |    31 ||   138
